General information
- name: BNet
- type: Ladder team game (AT/RT)
- host: Battle.net
- saver: PIZZAFAN1739
map: Dragonblight
- players: 6
- length: 61:27
- speed: Fast
- version: 1.26 W3XP
- replay type:

» download(431 KB)
Players
team 1 (loser)
Elmar-Paulke (
blue | 31 APM | 1908 actions | 61:23)
4 Death Knight
2 Death Coil
2 Unholy Aura
3 Lich
2 Frost Nova
1 Frost Armor
» actions
| Assign group hotkey | 33 | |
| Build / train | 66 | |
| Enter build submenu | 22 | |
| Enter hero's abilities submenu | 7 | |
| Right click | 943 | |
| Select / deselect | 572 | |
| Select group hotkey | 170 | |
| Use ability | 95 | |
1908 total
» units
| Acolyte | 16 | |
| Ghoul | 3 | |
| Crypt Fiend | 4 | |
| Obsidian Statue | 1 | |
| Frost Wyrm | 16 | |
| Meatwagon | 1 | |
41 total
» upgrades
| Web | 1 | |
| Freezing Breath | 1 | |
| Creature Attack | 2 | |
| Creature Carapace | 2 | |
6 total
» buildings
| Crypt | 1 | |
| Altar of Darkness | 1 | |
| Ziggurat | 10 | |
| Graveyard | 1 | |
| Tomb of Relics | 1 | |
| Halls of the Dead | 1 | |
| Nerubian Tower | 1 | |
| Spirit Tower | 4 | |
| Black Citadel | 1 | |
| Sacrificial Pit | 1 | |
| Slaughterhouse | 1 | |
| Boneyard | 2 | |
25 total
» build order
00:10 Crypt
00:13 Altar of Darkness
00:25 Ziggurat
00:48 Graveyard
01:17 Ziggurat
01:35 Tomb of Relics
03:27 Halls of the Dead
03:29 Nerubian Tower
03:35 Spirit Tower
05:22 Ziggurat
05:51 Black Citadel
05:56 Sacrificial Pit
06:35 Slaughterhouse
06:57 Ziggurat
08:19 Boneyard
08:46 Boneyard
09:14 Ziggurat
10:23 Spirit Tower
12:39 Ziggurat
14:28 Ziggurat
14:29 Spirit Tower
33:36 Ziggurat
33:42 Ziggurat
34:59 Spirit Tower
45:41 Ziggurat
» items
| Rod of Necromancy | 1 | |
| Dust of Appearance | 1 | |
| Potion of Healing | 1 | |
3 total
Mighty-Mike (
green | 40 APM | 2463 actions | 61:23)
5 Keeper of the Grove
3 Entangling Roots
2 Thorns Aura
» actions
| Assign group hotkey | 57 | |
| Basic commands | 2 | |
| Build / train | 96 | |
| Enter build submenu | 23 | |
| Enter hero's abilities submenu | 5 | |
| Give item / drop item | 2 | |
| Remove unit from queue | 2 | |
| Right click | 1282 | |
| Select / deselect | 601 | |
| Select group hotkey | 289 | |
| Use ability | 104 | |
2463 total
» units
| Wisp | 41 | |
| Huntress | 2 | |
| Glaive Thrower | 3 | |
| Chimaera | 19 | |
| Druid of the Talon | 4 | |
69 total
» upgrades
| Vorpal Blades | 1 | |
| Druid of the Talon Training | 2 | |
| Corrosive Breath | 1 | |
| Strength of the Wild | 3 | |
| Reinforced Hides | 2 | |
| Sentinel | 1 | |
10 total
» buildings
| Altar of Elders | 1 | |
| Moon Well | 9 | |
| Hunter's Hall | 1 | |
| Ancient of War | 2 | |
| Tree of Ages | 1 | |
| Tree of Eternity | 1 | |
| Ancient of Wind | 1 | |
| Ancient of Wonders | 1 | |
| Chimaera Roost | 2 | |
| Tree of Life | 4 | |
| Ancient Protector | 1 | |
24 total
» build order
00:09 Altar of Elders
00:17 Moon Well
01:41 Hunter's Hall
02:26 Ancient of War
02:31 Moon Well
02:55 Ancient of War
04:12 Tree of Ages
05:52 Moon Well
05:53 Moon Well
05:54 Moon Well
06:47 Tree of Eternity
06:52 Ancient of Wind
08:09 Ancient of Wonders
09:19 Chimaera Roost
09:24 Chimaera Roost
10:04 Moon Well
10:06 Moon Well
14:23 Tree of Life
19:15 Ancient Protector
22:26 Moon Well
22:27 Moon Well
32:56 Tree of Life
56:42 Tree of Life
58:07 Tree of Life
» items
| Dust of Appearance | 1 | |
| Lesser Clarity Potion | 2 | |
| Healing Salve | 1 | |
| Potion of Healing | 2 | |
| Orb of Lightning | 1 | |
7 total
Simon-Whitlock (
orange | 59 APM | 3624 actions | 61:23)
6 Tauren Chieftain
3 War Stomp
2 Endurance Aura
1 Reincarnation
» actions
| Assign group hotkey | 44 | |
| Build / train | 132 | |
| Enter build submenu | 55 | |
| Enter hero's abilities submenu | 6 | |
| Remove unit from queue | 5 | |
| Right click | 2317 | |
| Select / deselect | 808 | |
| Select group hotkey | 93 | |
| Use ability | 164 | |
3624 total
» units
| Peon | 38 | |
| Grunt | 7 | |
| Demolisher | 6 | |
| Troll Batrider | 33 | |
| Blue Dragon | 5 | |
| Wind Rider | 7 | |
96 total
» upgrades
| Liquid Fire | 1 | |
| Ranged Weapons | 3 | |
| Envenomed Spears | 1 | |
| Burning Oil | 1 | |
6 total
» buildings
| Altar of Storms | 1 | |
| Orc Burrow | 7 | |
| Barracks | 1 | |
| Stronghold | 4 | |
| War Mill | 1 | |
| Voodoo Lounge | 1 | |
| Beastiary | 4 | |
| Great Hall | 4 | |
| Watch Tower | 31 | |
| Fortress | 6 | |
60 total
» build order
00:10 Altar of Storms
00:14 Orc Burrow
00:20 Barracks
01:40 Orc Burrow
03:22 Stronghold
03:22 Stronghold
03:43 War Mill
04:12 Voodoo Lounge
04:39 Orc Burrow
05:59 Beastiary
06:04 Beastiary
07:07 Orc Burrow
07:41 Great Hall
08:57 Watch Tower
09:01 Watch Tower
09:51 Fortress
09:51 Fortress
09:51 Fortress
09:52 Fortress
10:24 Watch Tower
10:27 Watch Tower
10:33 Watch Tower
10:38 Watch Tower
10:46 Watch Tower
11:46 Watch Tower
11:49 Watch Tower
12:00 Watch Tower
13:20 Watch Tower
17:01 Great Hall
17:25 Watch Tower
17:29 Watch Tower
17:44 Orc Burrow
18:16 Orc Burrow
18:29 Watch Tower
20:22 Beastiary
20:25 Beastiary
20:31 Watch Tower
21:07 Watch Tower
21:10 Watch Tower
21:44 Watch Tower
23:29 Watch Tower
23:34 Watch Tower
25:53 Watch Tower
25:55 Watch Tower
29:49 Watch Tower
29:52 Watch Tower
29:57 Watch Tower
30:18 Watch Tower
38:09 Orc Burrow
39:30 Great Hall
45:46 Great Hall
52:33 Watch Tower
52:44 Watch Tower
52:51 Watch Tower
53:01 Watch Tower
53:06 Watch Tower
» items
| Healing Salve | 2 | |
| Potion of Healing | 2 | |
| Lesser Clarity Potion | 1 | |
5 total
team 2 (winner)
LaptopRoadTRIP (
purple | 120 APM | 7373 actions | 61:24)
10 Warden
3 Shadow Strike
3 Blink
3 Fan of Knives
1 Spirit of Vengeance
» actions
| Assign group hotkey | 250 | |
| Basic commands | 163 | |
| Build / train | 105 | |
| ESC pressed | 9 | |
| Enter build submenu | 30 | |
| Enter hero's abilities submenu | 11 | |
| Give item / drop item | 4 | |
| Remove unit from queue | 2 | |
| Right click | 4569 | |
| Select / deselect | 752 | |
| Select group hotkey | 978 | |
| Use ability | 499 | |
7373 total
» units
| Wisp | 47 | |
| Hippogryph | 7 | |
| Blue Dragon | 14 | |
68 total
» upgrades
| Well Spring | 1 | |
| Strength of the Wild | 1 | |
| Reinforced Hides | 1 | |
| Ultravision | 1 | |
4 total
» buildings
| Altar of Elders | 1 | |
| Moon Well | 14 | |
| Tree of Ages | 3 | |
| Ancient of Wonders | 1 | |
| Tree of Eternity | 2 | |
| Hunter's Hall | 1 | |
| Tree of Life | 4 | |
| Ancient of Wind | 1 | |
27 total
» build order
00:05 Altar of Elders
00:10 Moon Well
02:01 Moon Well
04:17 Tree of Ages
04:18 Tree of Ages
04:18 Tree of Ages
05:59 Ancient of Wonders
06:10 Moon Well
06:16 Moon Well
06:18 Moon Well
06:44 Moon Well
07:43 Moon Well
08:26 Tree of Eternity
08:26 Tree of Eternity
10:11 Hunter's Hall
10:46 Moon Well
10:47 Moon Well
11:35 Tree of Life
12:09 Tree of Life
13:35 Ancient of Wind
14:04 Moon Well
15:20 Moon Well
17:07 Tree of Life
27:45 Tree of Life
43:55 Moon Well
43:56 Moon Well
43:57 Moon Well
» items
| Lesser Clarity Potion | 2 | |
| Healing Salve | 1 | |
| Orb of Venom | 1 | |
| Scroll of Town Portal | 3 | |
| Staff of Preservation | 1 | |
| Staff of Sanctuary | 1 | |
| Periapt of Vitality | 1 | |
10 total
PIZZAFAN1739 (
red | 123 APM | 7541 actions | 61:27)
9 Blademaster
3 Wind Walk
3 Critical Strike
1 Bladestorm
2 Mirror Image
» actions
| Assign group hotkey | 25 | |
| Basic commands | 37 | |
| Build / train | 92 | |
| Enter build submenu | 36 | |
| Enter hero's abilities submenu | 11 | |
| Give item / drop item | 8 | |
| Remove unit from queue | 2 | |
| Right click | 5085 | |
| Select / deselect | 443 | |
| Select group hotkey | 1364 | |
| Use ability | 438 | |
7541 total
» units
» upgrades
| Ranged Weapons | 3 | |
| Liquid Fire | 1 | |
| Armor | 1 | |
5 total
» buildings
| Orc Burrow | 5 | |
| Altar of Storms | 1 | |
| War Mill | 1 | |
| Voodoo Lounge | 3 | |
| Stronghold | 1 | |
| Beastiary | 3 | |
| Fortress | 1 | |
| Watch Tower | 20 | |
| Great Hall | 4 | |
39 total
» build order
00:19 Orc Burrow
00:35 Altar of Storms
00:40 War Mill
02:02 Voodoo Lounge
03:24 Voodoo Lounge
03:34 Stronghold
05:53 Voodoo Lounge
05:57 Orc Burrow
05:58 Orc Burrow
06:39 Beastiary
06:39 Beastiary
06:46 Beastiary
07:58 Orc Burrow
09:12 Fortress
12:41 Watch Tower
12:42 Watch Tower
16:40 Watch Tower
16:41 Watch Tower
16:41 Watch Tower
16:42 Watch Tower
18:45 Watch Tower
18:46 Watch Tower
18:46 Watch Tower
18:48 Watch Tower
18:49 Watch Tower
18:49 Watch Tower
20:19 Great Hall
20:30 Watch Tower
20:34 Watch Tower
20:35 Watch Tower
21:18 Watch Tower
21:19 Watch Tower
21:38 Watch Tower
21:39 Watch Tower
24:09 Great Hall
25:53 Orc Burrow
44:18 Great Hall
47:50 Great Hall
» items
| Boots of Speed | 2 | |
| Staff of Teleportation | 2 | |
| Healing Salve | 8 | |
| Lesser Clarity Potion | 8 | |
| Orb of Lightning | 3 | |
| Potion of Lesser Invulnerability | 1 | |
24 total
TIMG4STROK (
yellow | 123 APM | 7576 actions | 61:24)
6 Archmage
3 Blizzard
2 Brilliance Aura
1 Mass Teleport
6 Mountain King
3 Storm Bolt
2 Bash
1 Avatar
5 Paladin
3 Holy Light
2 Divine Shield
» actions
| Assign group hotkey | 10 | |
| Basic commands | 108 | |
| Build / train | 195 | |
| ESC pressed | 9 | |
| Enter build submenu | 145 | |
| Enter hero's abilities submenu | 17 | |
| Give item / drop item | 2 | |
| Right click | 3449 | |
| Select / deselect | 548 | |
| Select group hotkey | 2530 | |
| Use ability | 563 | |
7576 total
» units
| Peasant | 18 | |
| Priest | 2 | |
| Sorceress | 2 | |
| Goblin Shredder | 1 | |
| Goblin Zeppelin | 1 | |
| Spell Breaker | 1 | |
| Gryphon Rider | 11 | |
36 total
» upgrades
| Masonry | 4 | |
| Magic Sentry | 1 | |
| Armor | 3 | |
| Cloud | 1 | |
| Animal War Training | 1 | |
| Swords | 3 | |
| Priest Training | 2 | |
| Sorceress Training | 2 | |
| Control Magic | 1 | |
| Storm Hammers | 1 | |
19 total
» buildings
| Farm | 14 | |
| Lumber Mill | 1 | |
| Altar of Kings | 1 | |
| Scout Tower | 220 | |
| Arcane Tower | 10 | |
| Guard Tower | 86 | |
| Keep | 1 | |
| Town Hall | 1 | |
| Arcane Sanctum | 1 | |
| Castle | 1 | |
| Arcane Vault | 3 | |
| Gryphon Aviary | 1 | |
| Barracks | 1 | |
| Blacksmith | 1 | |
342 total
» build order
00:10 Farm
00:14 Lumber Mill
00:29 Altar of Kings
00:39 Scout Tower
00:46 Farm
00:55 Scout Tower
01:08 Arcane Tower
01:10 Scout Tower
01:26 Arcane Tower
01:26 Arcane Tower
01:27 Arcane Tower
01:27 Scout Tower
01:39 Arcane Tower
01:40 Arcane Tower
01:44 Scout Tower
01:53 Scout Tower
01:55 Guard Tower
01:56 Scout Tower
02:06 Scout Tower
02:10 Guard Tower
02:10 Scout Tower
02:21 Guard Tower
02:22 Scout Tower
02:33 Guard Tower
02:35 Scout Tower
02:40 Guard Tower
02:41 Scout Tower
02:43 Scout Tower
02:44 Guard Tower
02:51 Guard Tower
02:53 Scout Tower
03:21 Guard Tower
03:22 Scout Tower
03:26 Guard Tower
03:29 Scout Tower
03:33 Guard Tower
03:34 Scout Tower
04:09 Guard Tower
04:11 Scout Tower
04:18 Guard Tower
04:21 Scout Tower
04:23 Scout Tower
04:24 Scout Tower
04:25 Scout Tower
04:32 Guard Tower
04:33 Scout Tower
04:34 Scout Tower
04:51 Guard Tower
04:52 Scout Tower
04:53 Scout Tower
04:55 Scout Tower
04:56 Scout Tower
04:59 Guard Tower
04:59 Guard Tower
05:14 Keep
05:16 Guard Tower
05:17 Scout Tower
05:44 Guard Tower
05:47 Guard Tower
05:49 Scout Tower
05:50 Scout Tower
05:52 Scout Tower
05:52 Scout Tower
05:53 Guard Tower
05:55 Scout Tower
05:55 Scout Tower
05:56 Scout Tower
05:58 Guard Tower
05:59 Scout Tower
06:00 Scout Tower
06:00 Scout Tower
06:00 Scout Tower
06:01 Scout Tower
06:01 Scout Tower
06:01 Scout Tower
06:06 Farm
06:07 Farm
06:09 Scout Tower
06:10 Scout Tower
06:11 Scout Tower
06:11 Scout Tower
06:15 Scout Tower
06:15 Scout Tower
06:16 Scout Tower
06:17 Scout Tower
06:27 Guard Tower
06:27 Scout Tower
06:29 Scout Tower
06:36 Scout Tower
06:39 Guard Tower
06:46 Guard Tower
06:46 Guard Tower
06:49 Guard Tower
06:49 Guard Tower
07:01 Guard Tower
07:06 Guard Tower
07:07 Guard Tower
07:07 Guard Tower
07:22 Guard Tower
07:27 Scout Tower
07:28 Scout Tower
07:39 Guard Tower
07:41 Scout Tower
08:10 Town Hall
08:16 Guard Tower
08:19 Scout Tower
08:29 Guard Tower
08:30 Guard Tower
08:39 Arcane Sanctum
08:50 Guard Tower
09:21 Scout Tower
09:22 Scout Tower
09:34 Guard Tower
09:35 Scout Tower
09:40 Guard Tower
09:44 Guard Tower
09:53 Guard Tower
10:26 Castle
10:28 Guard Tower
10:30 Scout Tower
10:32 Scout Tower
10:34 Guard Tower
10:35 Scout Tower
10:36 Scout Tower
10:46 Scout Tower
10:47 Scout Tower
10:48 Scout Tower
10:48 Scout Tower
11:40 Guard Tower
11:43 Scout Tower
11:44 Scout Tower
11:44 Scout Tower
11:53 Guard Tower
11:54 Scout Tower
11:54 Scout Tower
11:57 Guard Tower
12:00 Scout Tower
12:01 Scout Tower
12:18 Arcane Vault
12:19 Arcane Vault
12:21 Arcane Vault
12:24 Scout Tower
12:24 Scout Tower
12:27 Scout Tower
12:28 Scout Tower
12:29 Scout Tower
12:50 Guard Tower
13:00 Guard Tower
13:09 Guard Tower
13:11 Scout Tower
13:12 Scout Tower
13:12 Scout Tower
13:13 Scout Tower
13:18 Scout Tower
13:18 Scout Tower
14:25 Guard Tower
14:33 Guard Tower
14:34 Scout Tower
14:35 Scout Tower
14:35 Scout Tower
14:36 Scout Tower
14:44 Guard Tower
14:59 Scout Tower
14:59 Scout Tower
15:00 Scout Tower
15:01 Guard Tower
15:02 Scout Tower
15:03 Scout Tower
15:03 Scout Tower
15:05 Scout Tower
15:05 Scout Tower
15:14 Scout Tower
15:15 Scout Tower
16:28 Guard Tower
16:31 Scout Tower
16:32 Scout Tower
16:32 Scout Tower
16:33 Scout Tower
16:38 Scout Tower
16:44 Guard Tower
16:45 Scout Tower
16:46 Scout Tower
16:46 Scout Tower
16:47 Scout Tower
17:05 Guard Tower
17:06 Scout Tower
17:07 Scout Tower
17:07 Scout Tower
17:08 Scout Tower
17:09 Guard Tower
17:11 Guard Tower
17:12 Scout Tower
17:13 Scout Tower
17:19 Scout Tower
17:20 Scout Tower
17:20 Scout Tower
17:21 Scout Tower
17:22 Scout Tower
17:22 Scout Tower
17:23 Scout Tower
17:24 Scout Tower
17:25 Scout Tower
17:26 Scout Tower
17:27 Scout Tower
17:28 Scout Tower
17:29 Scout Tower
17:41 Guard Tower
17:48 Scout Tower
17:49 Scout Tower
17:49 Scout Tower
18:04 Guard Tower
18:11 Scout Tower
18:14 Scout Tower
18:15 Scout Tower
18:37 Guard Tower
18:41 Guard Tower
18:41 Guard Tower
18:42 Guard Tower
18:43 Scout Tower
18:44 Scout Tower
18:45 Scout Tower
18:45 Scout Tower
18:48 Guard Tower
18:49 Scout Tower
18:50 Scout Tower
18:50 Scout Tower
18:50 Scout Tower
18:52 Guard Tower
18:54 Scout Tower
18:56 Scout Tower
18:58 Scout Tower
19:07 Guard Tower
19:07 Guard Tower
19:25 Guard Tower
19:31 Scout Tower
19:32 Scout Tower
19:33 Scout Tower
19:33 Scout Tower
20:16 Guard Tower
20:19 Scout Tower
20:19 Scout Tower
20:20 Scout Tower
20:20 Scout Tower
20:21 Scout Tower
20:28 Scout Tower
20:29 Scout Tower
20:31 Scout Tower
20:31 Scout Tower
20:32 Scout Tower
20:32 Scout Tower
20:33 Scout Tower
20:33 Scout Tower
20:35 Scout Tower
20:35 Scout Tower
20:36 Scout Tower
20:36 Scout Tower
20:37 Scout Tower
20:39 Scout Tower
20:39 Scout Tower
20:40 Scout Tower
20:41 Scout Tower
20:41 Scout Tower
20:42 Scout Tower
20:43 Scout Tower
20:43 Scout Tower
20:44 Scout Tower
20:56 Guard Tower
20:58 Scout Tower
20:58 Scout Tower
20:59 Scout Tower
21:01 Guard Tower
21:04 Arcane Tower
21:10 Guard Tower
21:23 Arcane Tower
21:36 Scout Tower
21:37 Scout Tower
21:38 Scout Tower
21:38 Scout Tower
21:39 Scout Tower
21:40 Scout Tower
21:40 Scout Tower
21:41 Scout Tower
21:55 Guard Tower
22:04 Scout Tower
22:05 Scout Tower
22:06 Scout Tower
22:06 Scout Tower
22:07 Scout Tower
22:08 Scout Tower
23:13 Guard Tower
23:21 Arcane Tower
23:32 Guard Tower
24:33 Scout Tower
24:34 Scout Tower
24:34 Scout Tower
24:35 Scout Tower
24:35 Scout Tower
24:36 Scout Tower
24:42 Guard Tower
25:30 Guard Tower
25:32 Guard Tower
25:34 Scout Tower
25:34 Scout Tower
25:35 Scout Tower
25:36 Scout Tower
25:37 Scout Tower
25:38 Scout Tower
25:43 Guard Tower
25:46 Scout Tower
25:47 Scout Tower
25:47 Scout Tower
25:48 Scout Tower
25:48 Scout Tower
25:49 Scout Tower
25:49 Scout Tower
25:50 Scout Tower
25:54 Guard Tower
25:57 Scout Tower
25:57 Scout Tower
25:58 Scout Tower
25:58 Scout Tower
25:59 Scout Tower
26:01 Scout Tower
26:07 Gryphon Aviary
26:10 Barracks
26:12 Blacksmith
27:50 Guard Tower
28:34 Guard Tower
32:28 Guard Tower
34:16 Farm
58:23 Farm
58:24 Farm
58:25 Farm
58:25 Farm
58:31 Farm
58:35 Farm
58:35 Farm
58:35 Farm
58:36 Farm
» items
| Boots of Speed | 3 | |
| Staff of Teleportation | 3 | |
| Orb of Lightning | 3 | |
| Staff of Sanctuary | 3 | |
| Potion of Lesser Invulnerability | 1 | |
| Potion of Invisibility | 1 | |
| Dust of Appearance | 2 | |
16 total
Chat log
(13:23 / All) PIZZAFAN1739: lose bat to tower
(16:51 / All) Simon-Whitlock: lose your warden
(31:43 / All) PIZZAFAN1739: lmao orange
(31:47 / All) PIZZAFAN1739: from??
(32:03 / All) PIZZAFAN1739: great stomp
(37:35 / All) PIZZAFAN1739: why
(37:39 / All) PIZZAFAN1739: why?
(37:40 / All) PIZZAFAN1739: why
(42:56 / All) Elmar-Paulke: how to be so stupid???
(43:05 / All) PIZZAFAN1739: tell me
(43:07 / All) PIZZAFAN1739: what it's like
(47:36 / All) PIZZAFAN1739: how is it to be so stupid??
(48:11 / All) Elmar-Paulke: awesome
(50:37 / All) PIZZAFAN1739: flying spider
(51:02 / All) Elmar-Paulke: wie kann man nur so verschissen sein??
(51:11 / All) TIMG4STROK: speak engliss please
(51:19 / All) Elmar-Paulke: fu plz
(51:36 / All) LaptopRoadTRIP: man you guys are really bad at Warcraft III: The Frozen Throne
(51:38 / All) LaptopRoadTRIP: how did this come to pass
(51:39 / Allies) PIZZAFAN1739: wie kann man etwas verlieren zu einem festen Turm
(51:51 / All) PIZZAFAN1739: wie kann man etwas verlieren zu einem festen Turm
(52:05 / All) Elmar-Paulke: hmhm
(55:03 / All) PIZZAFAN1739: my favorite click
(55:05 / All) PIZZAFAN1739: a right click
(55:50 / All) LaptopRoadTRIP: damn. we took a Monster Dump on y'all this game
(55:51 / All) PIZZAFAN1739: besuchen sie unsere website, highper.ch
(55:55 / All) LaptopRoadTRIP: a SPECTACULAR dump!!
(56:03 / All) TIMG4STROK: slams it in
(60:26 / All) PIZZAFAN1739: http://highper.ch/
(60:28 / All) LaptopRoadTRIP: gg nerds
(60:29 / All) LaptopRoadTRIP: highper.ch
(61:23 / All) TIMG4STROK: simon says dont drop